 Dungeon Crawl Stone Soup version 0.19.0-26-g9e9c210 (webtiles) character file.

245 Oozefury the Chopper (level 5, 0/46 HPs)
             Began as a Minotaur Berserker on Nov 23, 2016.
             Was a Priest of Trog.
             Slain by Sigmund
             ... wielding a +0 scythe
              (9 damage)
             ... on level 3 of the Dungeon.
             The game lasted 00:07:28 (2731 turns).

Oozefury the Chopper (Minotaur Berserker)           Turns: 2731, Time: 00:07:28

Health: 0/46       AC:  8    Str: 22    XL:     5   Next: 83%
Magic:  4/4        EV: 11    Int:  5    God:    Trog [***...]
Gold:   91         SH:  0    Dex:  9    Spells: 0 memorised, 4 levels left

rFire  . . .     SeeInvis .     a - +0 hand axe
rCold  . . .     Gourm    .     i - +0 ring mail
rNeg   . . .     Faith    .     (no shield)
rPois  .         Spirit   .     (helmet restricted)
rElec  .         Reflect  .     t - +0 cloak
rCorr  .         Harm     .     b - +0 pair of gloves
MR     .....                    (no boots)
Stlth  ..........               (no amulet)
                                (no ring)
                                (no ring)

@: no status effects
A: retaliatory headbutt, horns 2
a: Berserk, Trog's Hand, Burn Spellbooks, Renounce Religion


You were on level 3 of the Dungeon.
You worshipped Trog.
Trog was most pleased with you.
You were hungry.

You visited 1 branch of the dungeon, and saw 3 of its levels.

You collected 91 gold pieces.

Inventory:

Hand Weapons
 a - a +0 hand axe (weapon)
Missiles
 h - 155 stones (quivered)
Armour
 b - a +0 pair of gloves (worn)
 i - a +0 ring mail (worn)
 t - a +0 cloak (worn)
Scrolls
 e - 2 scrolls of blinking {unknown}
 g - a scroll of fear {unknown}
 k - 2 scrolls of remove curse
 l - a scroll of random uselessness {unknown}
 o - 2 scrolls of identify {unknown}
 r - a scroll of enchant weapon {unknown}
 v - a scroll of noise {unknown}
Potions
 d - a potion of haste {unknown}
 f - 2 potions of might {unknown}
 j - a potion of heal wounds {unknown}
 m - 2 potions of curing {unknown}
 n - a potion of invisibility {unknown}
 p - a potion of cancellation {unknown}
Comestibles
 c - 3 bread rations
 q - a royal jelly
 s - 3 chunks of flesh
 u - a meat ration


   Skills:
 + Level 4.1 Fighting
 + Level 6.6 Axes
 - Level 4.5 Armour
 - Level 2.1 Dodging


You had 4 spell levels left.
You didn't know any spells.

Dungeon Overview and Level Annotations

Branches:
Dungeon (3/15)

Altars:

Annotations:
D:3 Sigmund


Innate Abilities, Weirdness & Mutations

You reflexively headbutt those who attack you in melee.
You have a pair of horns on your head.


Message History

You hit something but do no damage. Something hits you.
You take 5 damage, and have 17/46 hp.
You barely miss something.
You feel the effects of Trog's Hand fading.
Something hits you.
You take 2 damage, and have 15/46 hp.
You miss something. You barely miss something. Something hits you.
* * * LOW HITPOINT WARNING * * *
You take 3 damage, and have 13/46 hp.
Your ring mail prevents you from hitting something.
Your headbutt misses something. Something hits you.
* * * LOW HITPOINT WARNING * * *
You take 5 damage, and have 8/46 hp.
You closely miss something. You hit something. You headbutt something!
Your skin stops crawling.
You feel less resistant to hostile enchantments.
Something hits you!
You die... .##### .....# ..........# ####. .........# ........# ......! # ##. ..... # .... aw.

# #..
#{# #
...
##@#
##.#
##..#
...#
#..##
.###
#.##
.##
#.#
).#
#.#
#.# #
#.#
#)# .#
#.#
#.##.#
#.#


You could see a worm and a worker ant.

Vanquished Creatures
  A jelly (D:3)
  An orc wizard (D:3)
  A worker ant (D:3)
  6 adders
  A worm (D:3)
  3 dart slugs
  A leopard gecko (D:1)
  6 orcs (D:3)
  2 giant cockroaches
  18 goblins
  12 hobgoblins
  7 jackals
  6 kobolds
  6 bats
  3 frilled lizards
  9 rats
83 creatures vanquished.

Vanquished Creatures (others)
  Robin (D:3)
1 creature vanquished.

Grand Total: 84 creatures vanquished

Notes
Turn   | Place    | Note
-------+----------+-------------------------------------------
     0 | D:1      | Oozefury the Minotaur Berserker began the quest for the Orb.
     0 | D:1      | Reached XP level 1. HP: 19/19 MP: 0/0
    85 | D:1      | Reached skill level 4 in Axes
   204 | D:1      | Reached XP level 2. HP: 26/26 MP: 1/1
   915 | D:1      | Reached ** piety under Trog
  1135 | D:1      | Reached XP level 3. HP: 27/31 MP: 2/2
  1348 | D:2      | Reached skill level 5 in Axes
  1370 | D:2      | Found a faded altar of an unknown god.
  1596 | D:2      | Reached XP level 4. HP: 39/39 MP: 3/3
  2124 | D:3      | Reached XP level 5. HP: 45/45 MP: 4/4
  2212 | D:3      | Reached skill level 6 in Axes
  2338 | D:3      | Noticed Robin
  2354 | D:3      | Reached *** piety under Trog
  2365 | D:3      | Killed Robin
  2701 | D:3      | Noticed Sigmund
  2731 | D:3      | Slain by Sigmund

Skill      XL: |  1  2  3  4  5 |
---------------+----------------+-----
Axes           | 4 5 6 |  6.6
Armour         | 3 4 |  4.5
Fighting       | 4 |  4.1
Dodging        | |  2.1

Action                   |  1- 3 |  4- 6 || total
-------------------------+-------+-------++-------
Melee: Hand axe          |    71 |   105 ||   176
       Headbutt          |    12 |    17 ||    29
Invok: Berserk           |     2 |     2 ||     4
       Trog's Hand       |       |     2 ||     2
  Use: Scroll            |     1 |       ||     1
  Eat: Chunk             |     4 |     5 ||     9
Armor: Animal skin       |     6 |       ||     6
       Ring mail         |    24 |    48 ||    72
Dodge: Dodged            |    59 |    46 ||   105
